 Dungeon Crawl Stone Soup version 0.22-a0-136-g83a10e5 (webtiles) character file.

1 mhoghedin the Chiller (level 1, 0/13 (14) HPs)
             Began as a Ghoul Ice Elementalist on Feb 3, 2018.
             Slain by a jackal (2 damage)
             ... on level 1 of the Dungeon.
             The game lasted 00:00:27 (51 turns).

mhoghedin the Chiller (Ghoul Ice Elementalist)        Turns: 51, Time: 00:00:28

HP:   0/13 (14)     AC:  2    Str: 11    XL:     1   Next: 20%
MP:   0/2           EV: 12    Int: 10    God:
Gold: 0             SH:  0    Dex:  9    Spells: 2/3 levels left

rFire    . . .     SeeInvis .   (no weapon)
rCold    + . .     Gourm    .   (no shield)
rNeg     + + +     Faith    .   a - +0 robe
rPois    ∞         Spirit   .   (no helmet)
rElec    .         Reflect  .   (no cloak)
rCorr    .         Harm     .   (no gloves)
MR       .....                  (no boots)
Stlth    ++........             (no amulet)
HPRegen  0.00/turn              (no ring)
MPRegen  0.08/turn              (no ring)

@: rotting
A: rotting body, claws 1, carnivore, cold resistance 1, negative energy
resistance 3, inhibited regeneration, torment resistance, unbreathing
a: no special abilities


You were on level 1 of the Dungeon.
You were not hungry.

You visited 1 branch of the dungeon, and saw 1 of its levels.

Inventory:

Armour
 a - a +0 robe (worn)
Books
 b - a book of Frost
Comestibles
 c - a ration


   Skills:
 - Level 1.7 Dodging
 - Level 2.1 Stealth
 - Level 1.7 Spellcasting
   Level 0.7 Conjurations
 + Level 3.4 Ice Magic


You had 2 spell levels left.
You knew the following spells:

 Your Spells              Type           Power        Failure   Level  Hunger
a - Freeze                Ice            #...         8%          1    ##.....


Dungeon Overview and Level Annotations

Branches:
Dungeon (1/15)

Altars:


Innate Abilities, Weirdness & Mutations

Your body is rotting away.
You thrive on raw meat.
You are immune to poison.
You have sharp fingernails.
You are carnivorous and can eat meat at any time.
Your flesh is cold resistant. (rC+)
You are immune to negative energy. (rN+++)
You do not regenerate when monsters are visible.
You are immune to unholy pain and torment.
You can survive without breathing.


Message History

Welcome, mhoghedin the Ghoul Ice Elementalist.
Will you prevail where others failed? Will you find the Orb of Zot?
Found 18 sling bullets.
Found a staircase leading out of the dungeon.
You open the door.
There is an open door here.
You see here 23 stones.
A bat comes into view.
A jackal comes into view.
The jackal barks!
You hear a bark!
The bat hits you but does no damage. The bat closely misses you.
You closely miss the bat.
The bat barely misses you. 2 jackals come into view.
The jackal barks!
The bat closely misses you.
You feel your flesh rotting away. The bat hits you.
You take 2 damage, and have 12/13 hp.
The bat barely misses you.
You scratch the bat but do no damage. The bat closely misses you.
The bat hits you but does no damage.
A jackal comes into view.
You closely miss the bat.
The jackal barks!
The bat barely misses you.
You closely miss the bat. The bat closely misses you.
Aim: a bat You freeze the bat.
You kill the bat!
You now have 1/2 mp.
Aim: a jackal You freeze the jackal.
The jackal bites you but does no damage.
The jackal bites you.
You take 1 damage, and have 11/13 hp.
You now have 0/2 mp.
You barely miss the jackal. The jackal barely misses you.
You closely miss the jackal. The jackal barely misses you.
A hobgoblin comes into view. It is wielding a club.
You closely miss the jackal. The jackal closely misses you.
You closely miss the jackal. The jackal closely misses you.
You barely miss the jackal. The jackal barely misses you.
You scratch the jackal but do no damage.
The jackal bites you but does no damage.
The jackal bites you.
You take 3 damage, and have 8/13 hp.
MASSIVE DAMAGE!!
Unknown command.
Wield which item (- for none, * to show all)? (? for menu, Esc to quit)
Okay, then.
Unknown command.
You barely miss the jackal.
The jackal bites you but does no damage.
You miss the jackal. The jackal bites you. x2
You take 3 damage, and have 5/13 hp.
MASSIVE DAMAGE!!
You scratch the jackal. The jackal misses you.
You barely miss the jackal.
The jackal bites you but does no damage.
You barely miss the jackal. The jackal barely misses you.
The jackal bites you but does no damage.
Aim: a jackal (moderately wounded)
You freeze the jackal.
The jackal bites you but does no damage.
You now have 0/2 mp.
You scratch the jackal but do no damage.
The jackal bites you. The jackal barely misses you.
You take 1 damage, and have 4/13 hp.
You barely miss the jackal. The jackal bites you.
* * * LOW HITPOINT WARNING * * *
You take 2 damage, and have 2/13 hp.
You barely miss the jackal. The jackal closely misses you.
Unknown command.
Unknown command.
You barely miss the jackal. The jackal completely misses you.
The jackal bites you but does no damage.
You closely miss the jackal. The jackal closely misses you.
You closely miss the jackal.
The hobgoblin shouts!
The jackal bites you.
You die...

#######
############.(...####
#######............#...##..
...g...h##########.#.≈.##..
.$.....hhh@......#.#.≈.##..
.......#########.#.#.≈..'..
####.#. #.#.≈.##.. #...
#.#...##.. #... #.#...##..
#... ..#.8.##.. #...
#...#### .... #####


You could see 4 jackals and a hobgoblin.

Vanquished Creatures
  A bat (D:1)
1 creature vanquished.

Notes
Turn   | Place    | Note
-------+----------+-------------------------------------------
     0 | D:1      | mhoghedin the Ghoul Ice Elementalist began the quest for the Orb.
     0 | D:1      | Reached XP level 1. HP: 14/14 MP: 2/2
    47 | D:1      | HP: 2/13 [jackal (2)]
    51 | D:1      | Slain by a jackal

Vault maps used:
D:1:      dpeg_arrival_rooms_c, serial_park_tiny_1

Action                   || total
-------------------------++-------
Melee: Unarmed           ||    21
 Cast: Freeze            ||     3
Armor: Robe              ||     9
Dodge: Dodged            ||    18

Table legend:
 A = Spawn XP
 B = Non-spawn XP
 C = Spawn XP percentage of total XP
 D = Spawn monster count
 E = Non-spawn monster count
 F = Spawn count percentage of total count
 G = Total turns spent on level
                    A         B        C        D         E        F      G
               +---------+---------+-------+---------+---------+-------+---------
         Total |       0 |       2 |   0.0 |       0 |       1 |   0.0 |    51
               +---------+---------+-------+---------+---------+-------+---------
           D:1 |       0 |       2 |   0.0 |       0 |       1 |   0.0 |    51
               +---------+---------+-------+---------+---------+-------+---------

Vault maps used:
D:1:      dpeg_arrival_rooms_c, serial_park_tiny_1

Table legend:
 A = Turns spent in this place as a percentage of turns spent in the entire game.
 B = Non-inter-level travel turns spent in this place as a percentage of non-inter-level travel turns spent in the entire game.
 C = Inter-level travel turns spent in this place as a percentage of turns spent in this place.
 D = Turns resting spent in this place as a percentage of non-inter-level travel turns spent in this place.
 E = Turns spent auto-exploring this place as a percentage of non-inter-level travel turns spent in this place.
 F = Non-inter-level travel turns spent in this place divided by the number of levels of this place that you've seen.
                   A       B       C       D       E      F
               +-------+-------+-------+-------+-------+----------------------
         Total | 100.0 | 100.0 |   0.0 |   0.0 |  43.1 |  51.0
       Dungeon | 100.0 | 100.0 |   0.0 |   0.0 |  43.1 |  51.0
               +-------+-------+-------+-------+-------+----------------------

Table legend:
 A = Kills in this place as a percentage of kills in entire the game.
 B = Kills by you in this place as a percentage of kills by you in the entire game.
 C = Kills by friends in this place as a percentage of kills by friends in the entire game.
 D = Other kills in this place as a percentage of other kills in the entire game.
 E = Experience gained in this place as a percentage of experience gained in the entire game.
 F = Experience gained in this place divided by the number of levels of this place that you have seen.
                   A       B       C       D       E      F
               +-------+-------+-------+-------+-------+----------------------
         Total | 100.0 | 100.0 |   N/A |   N/A | 100.0 |   2.0
       Dungeon | 100.0 | 100.0 |   N/A |   N/A | 100.0 |   2.0
               +-------+-------+-------+-------+-------+----------------------
